 Dungeon Crawl Stone Soup version 0.30-a0-169-g06f667207d (webtiles) character file.

Game seed: 15808980030173696064

106079 qw the Severer (level 16, 0/99 (101) HPs)
             Began as a Gargoyle Fighter on Sept 30, 2022.
             Was an Elder of Okawaru.
             Slain by an emperor scorpion (2 damage)
             ... on level 2 of the Spider Nest.
             The game lasted 00:11:27 (28678 turns).

qw the Severer (Gargoyle Fighter)                  Turns: 28678, Time: 00:11:27

HP:   0/99 (101)    AC: 47    Str: 33 (34) XL:     16   Next: 43%
MP:   0/23          EV: 14    Int: 11 (12) God:    Okawaru [****..]
Gold: 315           SH: 19    Dex:  8 (9)  Spells: 15/15 levels left

rFire   + + .      SeeInvis .    A - +3 broad axe
rCold   . . .      Faith    .    w - +1 kite shield "Vayphuni" {*Corrode rF++ Str+5}
rNeg    + . .      Spirit   .    j - +0 plate armour {Will+}
rPois   inf        Reflect  +    e - +1 helmet
rElec   +          Harm     .    v - +1 cloak
rCorr   .          Rampage  .    B - +3 pair of gauntlets of War {Slay+5}
Will    ++...                    g - +2 pair of boots "Rioter" {Int+4}
Stlth   ..........               l - amulet of reflection
HPRegen 0.26/turn                o - +4 ring of protection
MPRegen 0.18/turn                p - +4 ring of evasion

@: about to teleport, heroic, flying, very slightly contaminated, lightly
drained
A: sickness immunity, AC +12, big wings, negative energy resistance 1,
electricity resistance, torment resistance 1, petrification resistance
a: Renounce Religion, Heroism, Finesse


You were on level 2 of the Spider Nest.
You worshipped Okawaru.
Okawaru was greatly pleased with you.
You visited 5 branches of the dungeon, and saw 25 of its levels.

You collected 2373 gold pieces.
You spent 2058 gold pieces at shops.


Innate Abilities, Weirdness & Mutations

You are immune to sickness and miasma.
Your stone body is resilient. (AC +12)
You are immune to poison.
Your large and strong wings let you fly.
You resist negative energy. (rN+)
You are resistant to electric shocks. (rElec)
You are resistant to unholy torment.
You are immune to petrification.


   Skills:
 + Level 12.1(17.1) Fighting
 - Level 17.0(22.0) Axes
 - Level 7.0(12.0) Throwing
 - Level 12.0(17.0) Armour
 - Level 4.3(9.3) Dodging
 - Level 13.0(18.0) Shields
 - Level 10.0 Invocations


You had 15 spell levels left.
You didn't know any spells.
Your spell library was empty.

Inventory:

Hand Weapons
 c - a +1 hand axe of flaming
 A - a +3 broad axe (weapon)
Missiles
 m - 6 boomerangs
 x - 6 javelins (quivered)
Armour
 a - a +3 chain mail of fire resistance
 e - a +1 helmet (worn)
 g - the +2 pair of boots "Rioter" (worn) {Int+4}
   (You acquired it on level 5 of the Lair of Beasts)

   Int:       It affects your intelligence (+4).
 j - a +0 plate armour of willpower (worn)
 v - a +1 cloak (worn)
 w - the +1 kite shield "Vayphuni" (worn) {*Corrode rF++ Str+5}
   (You acquired it on level 13 of the Dungeon)

   Str:       It affects your strength (+5).
   rF:        It greatly protects you from fire.
   *Corrode:  It may corrode you when you take damage.
 y - +0 acid dragon scales
 B - the +3 pair of gauntlets of War (worn) {Slay+5}
   (You acquired it on level 15 of the Dungeon)

   Slay:      It affects your accuracy & damage with ranged weapons and melee
   (+5).
 C - the +1 helmet "Otsalats" {*Slow +Inv rPois rN+++}
   (Okawaru gifted it to you on level 1 of the Spider Nest)

   rPois:     It protects you from poison.
   rN:        It renders you almost immune to negative energy.
   +Inv:      It lets you turn invisible.
   *Slow:     It may slow you when you take damage.
Jewellery
 l - an amulet of reflection (around neck)
 o - a +4 ring of protection (left hand)
 p - a +4 ring of evasion (right hand)
 r - the ring of Idim {Fire Dex+6 Slay+2}
   (You bought it in a shop on level 2 of the Orcish Mines)

   [ring of fire]

   It enhances your fire magic.
   Dex:       It affects your dexterity (+6).
   Slay:      It affects your accuracy & damage with ranged weapons and melee
   (+2).
   rF:        It protects you from fire.
   rC:        It makes you vulnerable to cold.
 s - a ring of fire
 z - a ring of protection from cold
Scrolls
 f - 10 scrolls of identify
 i - 3 scrolls of teleportation
Potions
 b - 12 potions of curing
 d - 3 potions of might
 h - 3 potions of haste
 k - 5 potions of attraction
 n - 6 potions of mutation
 q - 3 potions of lignification
 t - 3 potions of resistance

Dungeon Overview and Level Annotations

Branches:
Dungeon (15/15)            Temple (1/1) D:4            Lair (5/5) D:11
 Shoals (0/4) Lair:3       Spider (2/4) Lair:2        Slime (0/5) Lair:4
    Orc (2/2) D:12            Elf (0/3) Orc:2        Vaults (0/5) D:13
 Depths (0/4) D:15

Altars:
Ashenzari
Cheibriados
Dithmenos
Elyvilon
Fedhas
Gozag
Hepliaklqana
Kikubaaqudgha
Makhleb
Nemelex Xobeh
Okawaru
Qazlal
Ru
Sif Muna
Trog
Uskayaw
Vehumet
Wu Jian
Xom
Yredelemnul
Zin
The Shining One
Jiyva

Shops:
D:3 *[   D:7 *[   D:10 *   Orc:2 !=(:

Annotations:
D:4 1 runed translucent door, qw's ghost, amateur GrFi
D:10 3 runed translucent doors
Lair:3 3 runed translucent doors, qw's ghost, journeyman GrFi


Message History

You block the emperor scorpion's attack.
The emperor scorpion claws you but does no damage.
The emperor scorpion closely misses you.
You block the jorogumo's attack. Something hits you but does no damage.
Something barely misses you.
Something stings you but does no damage.
You barely miss the emperor scorpion.
The emperor scorpion is heavily wounded.
You closely miss the jorogumo. You slice something!!
You block the emperor scorpion's attack.
The emperor scorpion claws you but does no damage.
You block the emperor scorpion's attack.
The jorogumo completely misses you.
You feel you are being watched by something.
You feel your power leaking away.
Something hits you but does no damage. x2
Something stings you but does no damage.
You slash the emperor scorpion!
The emperor scorpion is heavily wounded.
You barely miss the jorogumo. You hit something but do no damage.
The emperor scorpion stings you but does no damage.
You block the emperor scorpion's attack.
The emperor scorpion barely misses you. You block the jorogumo's attack.
You hit the emperor scorpion.
The emperor scorpion is severely wounded.
You barely miss something. You slice the jorogumo!! Something hits you!
You feel clumsy. Something hits you but does no damage. Something stings you!
The emperor scorpion stings you!
You block the emperor scorpion's attack. x2
The jorogumo stares at you and mumbles some strange words.
The bolt of negative energy hits you. You partially resist.
You feel drained.
28678 ||| READING 4 scrolls of teleportation.
As you read the scroll of teleportation, it crumbles to dust.
You feel strangely unstable. Something hits you but does no damage.
You block something's attack.
Something stings you but does no damage.
The emperor scorpion stings you.
You die...

##.. #. #.... ..
#.... #(## ^..#
#(..# ###
#^.##...# ##.#
#.......# #./#
#..H...# #..##
#.@{.# ###..#
#.#s#.# #....#
#.### #...## #^#
#..^##
#.#########...###
#........####...#
####..#.#####^..#
#...#.....##.##
#..(..........##


You could see an emperor scorpion and a jorogumo.

Vanquished Creatures
  Roxanne (Spider:2)
  A broodmother (Spider:1)
  3 entropy weavers
  A yaktaur captain (D:13)
  A fire dragon (Lair:5)
  Harold (Orc:1)
  A jorogumo (Spider:1)
  3 catoblepae
  4 hydras (Lair:5)
  5 boulder beetles
  2 radroaches (Spider:2)
  3 two-headed ogres
  3 centaur warriors
  A tengu warrior (D:15)
  4 orc high priests (Orc:2)
  2 skeletal warriors (D:15)
  A pharaoh ant (Spider:1)
  5 steelbarb worms
  3 sun moths (Spider:1)
  A swamp dragon (Lair:5)
  A shadow dragon zombie (D:15)
  3 orb spiders
  Pikel (D:8)
  A phantasmal warrior (D:15)
  A sphinx zombie (D:15)
  3 orc knights
  4 deep elf pyromancers
  A necromancer (D:15)
  3 orc sorcerers
  7 wolf spiders
  5 ugly things
  3 cyclopes
  2 manticores
  4 black mambas
  9 elephants
  A merfolk siren (Lair:3)
  A frost giant skeleton (D:15)
  3 torpor snails
  2 gargoyles
  8 cane toads
  4 rime drakes
  An efreet (D:15)
  A kobold demonologist (D:14)
  2 demonic crawlers
  5 yaktaurs
  An unseen horror (D:13)
  13 komodo dragons
  4 trolls
  11 polar bears
  Grinder (D:6)
  3 raiju (Lair:5)
  2 hornets (D:7)
  10 tarantellas
  25 slime creatures
  14 dream sheep
  10 jumping spiders
  A vampire (D:12)
  73 yaks
  3 shadows
  5 wyverns
  4 basilisks
  A spriggan skeleton (D:15)
  6 culicivoras
  Grum (D:11)
  3 steam dragons
  15 redbacks
  7 vampire mosquitoes
  Edmund (D:6)
  10 wargs
  4 acid dragons
  22 water moccasins
  12 hell hounds (Lair:5)
  23 orc warriors
  A swamp drake (Lair:5)
  An ice beast (D:6)
  18 black bears
  A sky beast (D:6)
  A swamp drake (shapeshifter) (D:14)
  6 ogres
  22 wolves
  5 centaurs
  5 kobold brigands
  9 bullfrogs
  A scorpion (D:7)
  25 wights
  2 electric eels (Lair:5)
  A crimson imp (D:5)
  4 howler monkeys
  2 hounds (D:6)
  3 jellies
  34 orc priests
  A gnoll bouda (D:8)
  7 iguanas
  29 orc wizards
  8 gnolls
  5 adders
  2 shadow imps
  4 white imps
  81 orcs
  9 ball pythons
  9 endoplasms
  6 giant cockroaches
  3 goblins
  3 hobgoblins
  10 jackals
  16 kobolds
  8 quokkas
  7 bats
  4 frilled lizards
  7 rats
767 creatures vanquished.

Vanquished Creatures (others)
  2 orc priests
  A bush (Lair:3)
  62 fungi
  79 plants
  6 withered plants
150 creatures vanquished.

Grand Total: 917 creatures vanquished

Notes
Turn   | Place    | Note
-------+----------+-------------------------------------------
     0 | D:1      | qw the Gargoyle Fighter began the quest for the Orb.
     0 | D:1      | Reached XP level 1. HP: 14/14 MP: 1/1
     0 | D:1      | 0 ||| qw: Version: 0.2-a-12-gaebbb33
     0 | D:1      | 0 ||| qw: Game counter: 1401
     0 | D:1      | 0 ||| qw: Always use a shield: true
     0 | D:1      | 0 ||| qw: God list: Okawaru
     0 | D:1      | 0 ||| qw: Allow faded altars: false
     0 | D:1      | 0 ||| qw: Do Orc after D:15 true
     0 | D:1      | 0 ||| qw: Do second Lair branch before Depths: true
     0 | D:1      | 0 ||| qw: Lair rune preference: random
     0 | D:1      | 0 ||| qw: Plans: Normal, Zot:1-4, God:TSO, Crypt, Tomb,
                  | Pan, Slime:5, Hells, Abyss, Orb
     0 | D:1      | 0 ||| PLANNING D:1-11
     5 | D:1      | 5 ||| Stepping ~*~*~tactically~*~*~ (stealth).
     7 | D:1      | 7 ||| Stepping ~*~*~tactically~*~*~ (stealth).
    12 | D:1      | Reached skill level 2 in Axes
    29 | D:1      | Reached XP level 2. HP: 11/19 MP: 2/2
   255 | D:1      | 255 ||| DROPPING +0 club.
   268 | D:1      | 268 ||| Stepping ~*~*~tactically~*~*~ (stealth).
   330 | D:1      | 330 ||| Stepping ~*~*~tactically~*~*~ (stealth).
   345 | D:1      | Reached skill level 3 in Axes
   357 | D:1      | Reached XP level 3. HP: 19/23 MP: 3/3
   958 | D:1      | 958 ||| READING scroll labelled PUACIA ZOMI.
   959 | D:1      | 959 ||| READING 2 scrolls labelled ZYCIAG IGODGH.
   960 | D:1      | 960 ||| READING 2 scrolls labelled XUHOCV CUOXTO.
   964 | D:1      | 964 ||| DRINKING 2 glowing red potions.
   965 | D:1      | 965 ||| DRINKING 2 sedimented pink potions.
   966 | D:1      | 966 ||| DROPPING potion of flight.
   984 | D:2      | 984 ||| STAIRDANCE
  1012 | D:2      | 1012 ||| Stepping ~*~*~tactically~*~*~ (stealth).
  1015 | D:2      | 1015 ||| FLEEEEING.
  1016 | D:2      | 1016 ||| FLEEEEING.
  1017 | D:2      | 1017 ||| FLEEEEING.
  1018 | D:2      | 1018 ||| FLEEEEING.
  1019 | D:2      | 1019 ||| FLEEEEING.
  1020 | D:2      | 1020 ||| FLEEEEING.
  1021 | D:2      | 1021 ||| FLEEEEING.
  1022 | D:2      | 1022 ||| STAIRDANCE
  1140 | D:1      | 1140 ||| READING scroll labelled ZAOSEP VOOT.
  1144 | D:2      | 1144 ||| STAIRDANCE
  1148 | D:1      | Reached XP level 4. HP: 16/28 MP: 4/4
  1276 | D:1      | 1276 ||| DROPPING +0 mace.
  1289 | D:2      | Reached skill level 4 in Axes
  1289 | D:2      | 1289 ||| STAIRDANCE
  1945 | D:2      | 1945 ||| UPGRADING to +0 chain mail.
  1955 | D:2      | 1955 ||| DROPPING +0 scale mail.
  1956 | D:2      | 1956 ||| READING scroll labelled IFRUPL YTEQ.
  1957 | D:2      | 1957 ||| READING scroll labelled JASIDA ANAPUUC.
  1972 | D:3      | 1972 ||| STAIRDANCE
  2081 | D:3      | 2081 ||| Stepping ~*~*~tactically~*~*~ (stealth).
  2082 | D:3      | 2082 ||| Stepping ~*~*~tactically~*~*~ (stealth).
  2086 | D:3      | 2086 ||| Stepping ~*~*~tactically~*~*~ (stealth).
  2087 | D:3      | 2087 ||| Stepping ~*~*~tactically~*~*~ (stealth).
  2105 | D:3      | 2105 ||| Stepping ~*~*~tactically~*~*~ (stealth).
  2127 | D:3      | 2127 ||| Stepping ~*~*~tactically~*~*~ (stealth).
  2145 | D:3      | Reached XP level 5. HP: 23/32 MP: 5/5
  2153 | D:3      | Reached skill level 5 in Axes
  2348 | D:3      | Found Roklisyrch's Antique Armour Shop.
  2353 | D:3      | 2353 ||| SHOPLISTING glowing hat (210 gold, have 124).
  2353 | D:3      | 2353 ||| SHOPLISTING plate armour (690 gold, have 124).
  2353 | D:3      | 2353 ||| SHOPLISTING shiny scale mail (210 gold, have 124).
  2357 | D:3      | Found Oboorph's Assorted Antiques.
  2360 | D:3      | 2360 ||| SHOPLISTING bronze ring (125 gold, have 124).
  2360 | D:3      | 2360 ||| BUYING fuming clear potion (22 gold).
  2360 | D:3      | Bought a fuming clear potion for 22 gold pieces
  2360 | D:3      | 2360 ||| BUYING fuming clear potion (22 gold).
  2360 | D:3      | Bought a fuming clear potion for 22 gold pieces
  2360 | D:3      | 2360 ||| BUYING fuming clear potion (22 gold).
  2360 | D:3      | Bought a fuming clear potion for 22 gold pieces
  2360 | D:3      | 2360 ||| SHOPLISTING morningstar (100 gold, have 58).
  2360 | D:3      | 2360 ||| BUYING purple potion (22 gold).
  2360 | D:3      | Bought a purple potion for 22 gold pieces
  2622 | D:3      | Identified the +0 cloak "Nules" {rPois}
  2901 | D:3      | 2901 ||| UPGRADING to +0 cloak "Nules" {rPois}.
  2906 | D:3      | 2906 ||| UPGRADING to amulet of regeneration.
  2911 | D:3      | 2911 ||| READING scroll labelled ADUTAA HALEPOF.
  2912 | D:3      | 2912 ||| DRINKING 5 fuming clear potions.
  2913 | D:3      | 2913 ||| DRINKING 3 viscous ruby potions.
  2914 | D:3      | 2914 ||| READING 2 scrolls of identify.
  2914 | D:3      | 2914 ||| IDENTIFYING purple potion
  2915 | D:3      | 2915 ||| DROPPING 2 potions of brilliance.
  3025 | D:4      | Found a runed translucent door.
  3027 | D:4      | Noticed qw's ghost (amateur GrFi)
  3133 | D:4      | Reached XP level 6. HP: 38/38 MP: 6/6
  3225 | D:4      | 3225 ||| Stepping ~*~*~tactically~*~*~ (stealth).
  3247 | D:4      | HP: 8/38 [ogre/+0 giant spiked club (22)]
  3248 | D:4      | 3248 ||| READING 2 scrolls of teleportation.
  3248 | D:4      | HP: 3/38 [ogre/+0 giant spiked club (5)]
  3249 | D:4      | 3249 ||| DRINKING potion of heal wounds.
  3280 | D:4      | Found a sacrificial altar of Ru.
  3292 | D:4      | Found a bloodstained altar of Trog.
  3295 | D:4      | Found a hide-covered altar of Uskayaw.
  3308 | D:4      | Found a sparkling altar of Nemelex Xobeh.
  3518 | D:4      | Found a staircase to the Ecumenical Temple.
  3519 | D:4      | 3519 ||| PLANNING TEMPLE
  3521 | D:4      | 3521 ||| UPGRADING to +0 helmet.
  3526 | D:4      | 3526 ||| READING scroll labelled DEIPHU MIUC.
  3532 | Temple   | Entered the Ecumenical Temple
  3536 | Temple   | 3536 ||| PLANNING OKAWARU WORSHIP
  3630 | Temple   | Became a worshipper of Warmaster Okawaru
  3631 | Temple   | 3631 ||| PLANNING D:1-11
  3759 | D:5      | Entered Level 5 of the Dungeon
  3906 | D:5      | Reached skill level 6 in Axes
  3962 | D:5      | Reached skill level 1 in Dodging
  3998 | D:5      | Reached XP level 7. HP: 43/43 MP: 7/7
  4217 | D:5      | Found a glowing golden altar of the Shining One.
  4556 | D:5      | 4556 ||| READING 6 scrolls of identify.
  4556 | D:5      | 4556 ||| IDENTIFYING lumpy orange potion
  4557 | D:5      | 4557 ||| READING 5 scrolls of identify.
  4557 | D:5      | 4557 ||| IDENTIFYING fuming brown potion
  4558 | D:5      | 4558 ||| READING 4 scrolls of identify.
  4558 | D:5      | 4558 ||| IDENTIFYING bubbling puce potion
  4559 | D:5      | 4559 ||| DROPPING potion of degeneration.
  4560 | D:5      | 4560 ||| DROPPING potion of ambrosia.
  4610 | D:6      | Reached skill level 7 in Axes
  4680 | D:6      | Reached * piety under Okawaru
  4705 | D:6      | Reached skill level 1 in Invocations
  4760 | D:6      | 4760 ||| Stepping ~*~*~tactically~*~*~ (stealth).
  4773 | D:6      | Reached XP level 8. HP: 49/49 MP: 9/9
  4819 | D:6      | 4819 ||| INVOKING Heroism.
  4879 | D:6      | Noticed Edmund
  4880 | D:6      | 4880 ||| INVOKING Heroism.
  4887 | D:6      | Killed Edmund
  4888 | D:6      | Reached skill level 1 in Throwing
  4888 | D:6      | Reached skill level 3 in Invocations
  4948 | D:6      | Noticed Grinder
  4949 | D:6      | 4949 ||| Stepping ~*~*~tactically~*~*~ (hiding).
  4951 | D:6      | 4951 ||| INVOKING Heroism.
  4960 | D:6      | Paralysed by Grinder for 5 turns
  4970 | D:6      | Killed Grinder
  4970 | D:6      | Reached ** piety under Okawaru
  5054 | D:6      | 5054 ||| Stepping ~*~*~tactically~*~*~ (hiding).
  5123 | D:6      | 5123 ||| INVOKING Heroism.
  5206 | D:6      | 5206 ||| INVOKING Heroism.
  5236 | D:6      | 5236 ||| DROPPING +0 flail.
  5245 | D:6      | 5245 ||| INVOKING Heroism.
  5250 | D:6      | Reached skill level 8 in Axes
  5285 | D:6      | Found a white marble altar of Elyvilon.
  5310 | D:6      | 5310 ||| UPGRADING to +0 pair of gloves.
  5315 | D:6      | 5315 ||| UPGRADING to amulet of reflection.
  5325 | D:6      | 5325 ||| DROPPING amulet of regeneration.
  5326 | D:6      | 5326 ||| READING scroll labelled CAEFEO YKIYMMU.
  5327 | D:6      | 5327 ||| READING scroll labelled WOM MOBBOOPH.
  5417 | D:7      | 5417 ||| Stepping ~*~*~tactically~*~*~ (stealth).
  5420 | D:7      | 5420 ||| Stepping ~*~*~tactically~*~*~ (hiding).
  5424 | D:7      | 5424 ||| INVOKING Heroism.
  5429 | D:7      | Reached XP level 9. HP: 38/54 MP: 9/12
  5603 | D:7      | 5603 ||| INVOKING Heroism.
  5613 | D:7      | Reached skill level 6 in Fighting
  5631 | D:7      | Found Aniabome's Antique Armour Emporium.
  5755 | D:7      | Noticed a hornet
  5765 | D:7      | Killed a hornet
  5987 | D:7      | 5987 ||| INVOKING Heroism.
  5996 | D:7      | Reached skill level 9 in Axes
  6055 | D:7      | 6055 ||| FLEEEEING.
  6060 | D:7      | 6060 ||| STAIRDANCE
  6107 | D:6      | 6107 ||| UPGRADING to +0 plate armour.
  6117 | D:6      | 6117 ||| DROPPING +0 chain mail.
  6118 | D:6      | 6118 ||| READING scroll labelled MIALUFAMAO.
  6119 | D:6      | 6119 ||| READING scroll labelled HUW ASTA ZEPP.
  6127 | D:7      | 6127 ||| Stepping ~*~*~tactically~*~*~ (hiding).
  6293 | D:7      | Found a shimmering blue altar of Sif Muna.
  6338 | D:7      | 6338 ||| INVOKING Heroism.
  6446 | D:7      | Found Tiulapus's Island Escapes.
  6466 | D:7      | Noticed a hornet
  6473 | D:7      | 6473 ||| INVOKING Heroism.
  6478 | D:7      | Killed a hornet
  6479 | D:7      | Reached skill level 6 in Armour
  6857 | D:7      | 6857 ||| READING scroll labelled FULOREDUUBB.
  6925 | D:8      | 6925 ||| INVOKING Heroism.
  6926 | D:8      | 6926 ||| STAIRDANCE
  6931 | D:8      | 6931 ||| STAIRDANCE
  6944 | D:8      | 6944 ||| STAIRDANCE
  7052 | D:8      | Reached *** piety under Okawaru
  7089 | D:8      | 7089 ||| INVOKING Heroism.
  7243 | D:8      | 7243 ||| INVOKING Heroism.
  7251 | D:8      | Reached XP level 10. HP: 63/63 MP: 11/13
  7325 | D:8      | 7325 ||| Stepping ~*~*~tactically~*~*~ (hiding).
  7326 | D:8      | 7326 ||| Stepping ~*~*~tactically~*~*~ (hiding).
  7329 | D:8      | 7329 ||| INVOKING Heroism.
  7338 | D:8      | Reached skill level 10 in Axes
  7338 | D:8      | 7338 ||| Stepping ~*~*~tactically~*~*~ (cloud).
  7358 | D:8      | 7358 ||| Stepping ~*~*~tactically~*~*~ (stealth).
  7360 | D:8      | 7360 ||| Stepping ~*~*~tactically~*~*~ (hiding).
  7371 | D:8      | 7371 ||| Stepping ~*~*~tactically~*~*~ (stealth).
  7375 | D:8      | 7375 ||| Stepping ~*~*~tactically~*~*~ (stealth).
  7381 | D:8      | 7381 ||| INVOKING Heroism.
  7387 | D:8      | 7387 ||| Stepping ~*~*~tactically~*~*~ (hiding).
  7410 | D:8      | 7410 ||| Stepping ~*~*~tactically~*~*~ (hiding).
  7414 | D:8      | 7414 ||| INVOKING Heroism.
  7435 | D:8      | 7435 ||| Stepping ~*~*~tactically~*~*~ (stealth).
  7435 | D:8      | Noticed Pikel
  7439 | D:8      | 7439 ||| Stepping ~*~*~tactically~*~*~ (stealth).
  7443 | D:8      | 7443 ||| INVOKING Heroism.
  7446 | D:8      | Killed Pikel
  7475 | D:8      | Found a blossoming altar of Fedhas.
  7772 | D:7      | 7772 ||| BUYING glowing chain mail (195 gold).
  7772 | D:7      | Bought a glowing chain mail for 195 gold pieces
  7772 | D:7      | 7772 ||| SHOPLISTING glowing cloak (195 gold, have 85).
  7772 | D:7      | 7772 ||| SHOPLISTING runed chain mail (195 gold, have 85).
  7772 | D:7      | 7772 ||| SHOPLISTING shiny chain mail (195 gold, have 85).
  7772 | D:7      | 7772 ||| UPGRADING to +3 chain mail of fire resistance.
  7941 | D:9      | 7941 ||| INVOKING Heroism.
  8157 | D:9      | Reached **** piety under Okawaru
  8177 | D:9      | 8177 ||| Stepping ~*~*~tactically~*~*~ (hiding).
  8179 | D:9      | 8179 ||| Stepping ~*~*~tactically~*~*~ (hiding).
  8180 | D:9      | 8180 ||| Stepping ~*~*~tactically~*~*~ (hiding).
  8383 | D:9      | 8383 ||| READING scroll of enchant weapon.
  8383 | D:9      | 8383 ||| ENCHANTING +1 war axe of electrocution.
  8385 | D:9      | 8385 ||| Stepping ~*~*~tactically~*~*~ (hiding).
  8392 | D:9      | 8392 ||| INVOKING Heroism.
  8456 | D:9      | Found a broken altar of Ashenzari.
  8797 | D:9      | 8797 ||| READING scroll labelled IFOEXK POFOL.
  8808 | D:10     | Entered Level 10 of the Dungeon
  8892 | D:10     | Found Mufiu's Assorted Antiques.
  8899 | D:10     | 8899 ||| BUYING blue potion (35 gold).
  8899 | D:10     | Bought a blue potion for 35 gold pieces
  8899 | D:10     | 8899 ||| SHOPLISTING potion of might (156 gold, have 89).
  8899 | D:10     | 8899 ||| SHOPLISTING scroll of brand weapon (370 gold, have
                  | 89).
  8919 | D:10     | 8919 ||| Stepping ~*~*~tactically~*~*~ (stealth).
  8920 | D:10     | 8920 ||| Stepping ~*~*~tactically~*~*~ (stealth).
  8921 | D:10     | 8921 ||| Stepping ~*~*~tactically~*~*~ (stealth).
  8927 | D:10     | 8927 ||| INVOKING Heroism.
  9044 | D:10     | 9044 ||| INVOKING Heroism.
  9052 | D:10     | Reached skill level 3 in Throwing
  9211 | D:10     | 9211 ||| Stepping ~*~*~tactically~*~*~ (hiding).
  9213 | D:10     | 9213 ||| INVOKING Heroism.
  9328 | D:10     | Found a runed translucent gate.
  9329 | D:10     | Found a runed translucent gate.
  9329 | D:10     | Found a runed translucent gate.
  9331 | D:10     | Noticed a purple ugly thing
  9331 | D:10     | Noticed a purple ugly thing
  9420 | D:10     | Noticed a green ugly thing
  9421 | D:10     | Noticed a white ugly thing
  9436 | D:10     | 9436 ||| Stepping ~*~*~tactically~*~*~ (hiding).
  9663 | D:10     | Noticed a gargoyle
  9674 | D:10     | Killed a gargoyle
  9675 | D:10     | Reached skill level 6 in Invocations
  9857 | D:10     | 9857 ||| DROPPING ring of magical power.
  9858 | D:10     | 9858 ||| READING scroll labelled IGUGYX XOCUA.
  9859 | D:10     | 9859 ||| READING 8 scrolls of identify.
  9859 | D:10     | 9859 ||| IDENTIFYING blue potion
  9901 | D:11     | 9901 ||| PLANNING GAUNTLET
  9904 | D:11     | 9904 ||| STAIRDANCE
  9986 | D:11     | 9986 ||| STAIRDANCE
  9992 | D:10     | Received a gift from Okawaru
  9995 | D:10     | Reached XP level 11. HP: 57/68 MP: 15/15
 10129 | D:11     | 10129 ||| STAIRDANCE
 10332 | D:11     | 10332 ||| RIP GAUNTLET
 10333 | D:11     | 10333 ||| PLANNING D:1-11
 10339 | D:11     | 10339 ||| INVOKING Heroism.
 10342 | D:11     | Noticed Grum
 10359 | D:11     | Found a staircase to the Lair.
 10365 | D:11     | Killed Grum
 10365 | D:11     | Reached ***** piety under Okawaru
 10496 | D:11     | Noticed a two-headed ogre
 10497 | D:11     | 10497 ||| Stepping ~*~*~tactically~*~*~ (stealth).
 10725 | D:11     | 10725 ||| INVOKING Heroism.
 10734 | D:11     | Killed a two-headed ogre
 10735 | D:11     | Reached skill level 11 in Axes
 10775 | D:11     | 10775 ||| Stepping ~*~*~tactically~*~*~ (stealth).
 10776 | D:11     | 10776 ||| Stepping ~*~*~tactically~*~*~ (stealth).
 10778 | D:11     | 10778 ||| Stepping ~*~*~tactically~*~*~ (stealth).
 10785 | D:11     | 10785 ||| Stepping ~*~*~tactically~*~*~ (stealth).
 10786 | D:11     | 10786 ||| Stepping ~*~*~tactically~*~*~ (stealth).
 10799 | D:11     | 10799 ||| INVOKING Heroism.
 11033 | D:11     | Noticed a manticore
 11034 | D:11     | 11034 ||| INVOKING Heroism.
 11043 | D:11     | Killed a manticore
 11202 | D:11     | 11202 ||| PLANNING LAIR
 11202 | D:11     | 11202 ||| DROPPING orb of energy.
 11203 | D:11     | 11203 ||| READING 7 scrolls of identify.
 11203 | D:11     | 11203 ||| IDENTIFYING coppery potion
 11247 | Lair:1   | Entered Level 1 of the Lair of Beasts
 11310 | Lair:1   | 11310 ||| INVOKING Heroism.
 11322 | Lair:1   | Received a gift from Okawaru
 11323 | Lair:1   | Reached skill level 9 in Invocations
 11328 | Lair:1   | 11328 ||| INVOKING Heroism.
 11380 | Lair:1   | 11380 ||| DROPPING +2 war axe of freezing.
 11383 | Lair:1   | 11383 ||| Stepping ~*~*~tactically~*~*~ (stealth).
 11387 | Lair:1   | 11387 ||| Stepping ~*~*~tactically~*~*~ (stealth).
 11388 | Lair:1   | 11388 ||| Stepping ~*~*~tactically~*~*~ (stealth).
 11394 | Lair:1   | 11394 ||| Stepping ~*~*~tactically~*~*~ (stealth).
 11395 | Lair:1   | 11395 ||| Stepping ~*~*~tactically~*~*~ (stealth).
 11454 | Lair:1   | 11454 ||| INVOKING Heroism.
 11517 | Lair:1   | 11517 ||| Stepping ~*~*~tactically~*~*~ (stealth).
 11518 | Lair:1   | 11518 ||| Stepping ~*~*~tactically~*~*~ (stealth).
 11520 | Lair:1   | 11520 ||| Stepping ~*~*~tactically~*~*~ (stealth).
 11525 | Lair:1   | 11525 ||| INVOKING Heroism.
 11531 | Lair:1   | 11531 ||| Stepping ~*~*~tactically~*~*~ (stealth).
 11735 | Lair:1   | 11735 ||| Stepping ~*~*~tactically~*~*~ (stealth).
 11737 | Lair:1   | 11737 ||| Stepping ~*~*~tactically~*~*~ (stealth).
 11739 | Lair:1   | 11739 ||| Stepping ~*~*~tactically~*~*~ (stealth).
 11742 | Lair:1   | 11742 ||| INVOKING Heroism.
 11762 | Lair:1   | Reached skill level 9 in Fighting
 11768 | Lair:1   | Reached XP level 12. HP: 76/76 MP: 19/19
 11845 | Lair:1   | 11845 ||| Stepping ~*~*~tactically~*~*~ (stealth).
 11846 | Lair:1   | 11846 ||| Stepping ~*~*~tactically~*~*~ (stealth).
 11850 | Lair:1   | 11850 ||| INVOKING Heroism.
 11863 | Lair:1   | Received a gift from Okawaru
 12002 | Lair:1   | 12002 ||| INVOKING Heroism.
 12041 | Lair:1   | Reached skill level 12 in Axes
 12042 | Lair:1   | 12042 ||| Stepping ~*~*~tactically~*~*~ (stealth).
 12067 | Lair:1   | Received a gift from Okawaru
 12068 | Lair:1   | 12068 ||| INVOKING Heroism.
 12082 | Lair:1   | 12082 ||| DROPPING +0 war axe of venom.
 12335 | Lair:1   | 12335 ||| READING 7 scrolls of identify.
 12335 | Lair:1   | 12335 ||| IDENTIFYING lumpy clear potion
 12370 | Lair:2   | 12370 ||| INVOKING Heroism.
 12375 | Lair:2   | Reached skill level 6 in Shields
 12576 | Lair:2   | Noticed a catoblepas
 12577 | Lair:2   | 12577 ||| INVOKING Heroism.
 12578 | Lair:2   | 12578 ||| INVOKING Finesse.
 12593 | Lair:2   | Killed a catoblepas
 12731 | Lair:2   | 12731 ||| READING scroll of enchant weapon.
 12731 | Lair:2   | 12731 ||| ENCHANTING +2 war axe of electrocution.
 12745 | Lair:2   | 12745 ||| READING scroll of enchant weapon.
 12745 | Lair:2   | 12745 ||| ENCHANTING +3 war axe of electrocution.
 12930 | Lair:2   | Found a hole to the Spider Nest.
 13016 | Lair:2   | 13016 ||| INVOKING Heroism.
 13017 | Lair:2   | 13017 ||| Stepping ~*~*~tactically~*~*~ (stealth).
 13046 | Lair:2   | 13046 ||| Stepping ~*~*~tactically~*~*~ (stealth).
 13047 | Lair:2   | 13047 ||| Stepping ~*~*~tactically~*~*~ (stealth).
 13251 | Lair:2   | 13251 ||| INVOKING Heroism.
 13646 | Lair:2   | 13646 ||| UPGRADING to +1 cloak.
 13656 | Lair:2   | 13656 ||| DROPPING +0 cloak "Nules" {rPois}.
 13657 | Lair:2   | 13657 ||| READING 6 scrolls of identify.
 13657 | Lair:2   | 13657 ||| IDENTIFYING amethyst potion
 13658 | Lair:2   | 13658 ||| DROPPING potion of invisibility.
 13681 | Lair:3   | Found a staircase to the Shoals.
 13712 | Lair:3   | 13712 ||| Stepping ~*~*~tactically~*~*~ (stealth).
 13714 | Lair:3   | 13714 ||| INVOKING Heroism.
 13764 | Lair:3   | 13764 ||| Stepping ~*~*~tactically~*~*~ (stealth).
 13777 | Lair:3   | 13777 ||| Stepping ~*~*~tactically~*~*~ (stealth).
 13778 | Lair:3   | 13778 ||| Stepping ~*~*~tactically~*~*~ (stealth).
 13877 | Lair:3   | 13877 ||| Stepping ~*~*~tactically~*~*~ (stealth).
 13880 | Lair:3   | Reached skill level 13 in Axes
 13880 | Lair:3   | 13880 ||| Stepping ~*~*~tactically~*~*~ (stealth).
 13882 | Lair:3   | 13882 ||| INVOKING Heroism.
 13887 | Lair:3   | Reached XP level 13. HP: 82/82 MP: 17/20
 13974 | Lair:3   | 13974 ||| INVOKING Heroism.
 13978 | Lair:3   | 13978 ||| INVOKING Finesse.
 13999 | Lair:3   | Received a gift from Okawaru
 14016 | Lair:3   | 14016 ||| INVOKING Heroism.
 14100 | Lair:3   | Noticed qw's ghost (journeyman GrFi)
 14101 | Lair:3   | Found a runed translucent gate.
 14101 | Lair:3   | Found a runed translucent gate.
 14115 | Lair:3   | Identified the +10 spear "Vipseyve" {venom, rN+ Will- Int+7
                  | Dex+2}
 14116 | Lair:3   | Found a runed translucent gate.
 14222 | Lair:3   | 14222 ||| Stepping ~*~*~tactically~*~*~ (hiding).
 14226 | Lair:3   | 14226 ||| INVOKING Heroism.
 14230 | Lair:3   | Reached skill level 14 in Axes
 14416 | Lair:3   | 14416 ||| INVOKING Heroism.
 14762 | Lair:3   | 14762 ||| UPGRADING to +0 pair of boots.
 14767 | Lair:3   | 14767 ||| DROPPING +1 hat.
 14768 | Lair:3   | 14768 ||| DROPPING ring of flight.
 14769 | Lair:3   | 14769 ||| READING scroll labelled SOOMMI ZESCHI.
 14884 | Lair:4   | 14884 ||| INVOKING Heroism.
 14885 | Lair:4   | 14885 ||| INVOKING Finesse.
 14965 | Lair:4   | Found a viscous altar of Jiyva.
 14965 | Lair:4   | Found a staircase to the Slime Pits.
 15018 | Lair:4   | 15018 ||| Stepping ~*~*~tactically~*~*~ (stealth).
 15210 | Lair:4   | 15210 ||| Stepping ~*~*~tactically~*~*~ (stealth).
 15212 | Lair:4   | 15212 ||| Stepping ~*~*~tactically~*~*~ (stealth).
 15227 | Lair:4   | Reached skill level 9 in Armour
 15255 | Lair:4   | 15255 ||| Stepping ~*~*~tactically~*~*~ (stealth).
 15256 | Lair:4   | 15256 ||| Stepping ~*~*~tactically~*~*~ (stealth).
 15257 | Lair:4   | 15257 ||| INVOKING Heroism.
 15297 | Lair:4   | HP: 19/83 [black mamba (13)]
 15298 | Lair:4   | 15298 ||| READING 4 scrolls of teleportation.
 15313 | Lair:4   | 15313 ||| Stepping ~*~*~tactically~*~*~ (stealth).
 15314 | Lair:4   | 15314 ||| Stepping ~*~*~tactically~*~*~ (stealth).
 15323 | Lair:4   | 15323 ||| Stepping ~*~*~tactically~*~*~ (stealth).
 15325 | Lair:4   | 15325 ||| READING 3 scrolls of teleportation.
 15708 | Lair:4   | 15708 ||| Stepping ~*~*~tactically~*~*~ (stealth).
 15710 | Lair:4   | 15710 ||| INVOKING Heroism.
 15828 | Lair:4   | 15828 ||| Stepping ~*~*~tactically~*~*~ (stealth).
 15830 | Lair:4   | 15830 ||| Stepping ~*~*~tactically~*~*~ (stealth).
 15836 | Lair:4   | 15836 ||| Stepping ~*~*~tactically~*~*~ (stealth).
 16043 | Lair:5   | Entered Level 5 of the Lair of Beasts
 16044 | Lair:5   | 16044 ||| Stepping ~*~*~tactically~*~*~ (hiding).
 16045 | Lair:5   | 16045 ||| Stepping ~*~*~tactically~*~*~ (hiding).
 16046 | Lair:5   | 16046 ||| INVOKING Heroism.
 16047 | Lair:5   | 16047 ||| SWAPPING to +3 morningstar.
 16048 | Lair:5   | 16048 ||| INVOKING Finesse.
 16053 | Lair:5   | 16053 ||| SWAPPING to +4 war axe of electrocution.
 16138 | Lair:5   | 16138 ||| Stepping ~*~*~tactically~*~*~ (stealth).
 16140 | Lair:5   | 16140 ||| Stepping ~*~*~tactically~*~*~ (stealth).
 16143 | Lair:5   | 16143 ||| INVOKING Heroism.
 16212 | Lair:5   | 16212 ||| SWAPPING to +0 broad axe.
 16213 | Lair:5   | 16213 ||| INVOKING Heroism.
 16214 | Lair:5   | 16214 ||| INVOKING Finesse.
 16340 | Lair:5   | 16340 ||| DROPPING +4 war axe of electrocution.
 16413 | Lair:5   | 16413 ||| INVOKING Heroism.
 16431 | Lair:5   | 16431 ||| Stepping ~*~*~tactically~*~*~ (hiding).
 16457 | Lair:5   | 16457 ||| INVOKING Heroism.
 16458 | Lair:5   | 16458 ||| INVOKING Finesse.
 16473 | Lair:5   | 16473 ||| Stepping ~*~*~tactically~*~*~ (stealth).
 16526 | Lair:5   | 16526 ||| INVOKING Heroism.
 16528 | Lair:5   | 16528 ||| Stepping ~*~*~tactically~*~*~ (stealth).
 16531 | Lair:5   | 16531 ||| Stepping ~*~*~tactically~*~*~ (stealth).
 16536 | Lair:5   | 16536 ||| Stepping ~*~*~tactically~*~*~ (stealth).
 16543 | Lair:5   | Received a gift from Okawaru
 16556 | Lair:5   | Received a gift from Okawaru
 16695 | Lair:5   | Reached skill level 6 in Throwing
 16695 | Lair:5   | Gained mutation: Your large and strong wings let you fly.
                  | [Gargoyle growth]
 16695 | Lair:5   | Reached XP level 14. HP: 87/90 MP: 21/21
 16779 | Lair:5   | Reached skill level 15 in Axes
 16981 | Lair:5   | 16981 ||| Stepping ~*~*~tactically~*~*~ (stealth).
 16986 | Lair:5   | 16986 ||| Stepping ~*~*~tactically~*~*~ (stealth).
 16991 | Lair:5   | 16991 ||| INVOKING Heroism.
 16993 | Lair:5   | 16993 ||| Stepping ~*~*~tactically~*~*~ (stealth).
 17027 | Lair:5   | 17027 ||| Stepping ~*~*~tactically~*~*~ (stealth).
 17028 | Lair:5   | 17028 ||| Stepping ~*~*~tactically~*~*~ (stealth).
 17050 | Lair:5   | 17050 ||| Stepping ~*~*~tactically~*~*~ (hiding).
 17056 | Lair:5   | 17056 ||| INVOKING Heroism.
 17057 | Lair:5   | 17057 ||| SWAPPING to +3 morningstar.
 17058 | Lair:5   | 17058 ||| INVOKING Finesse.
 17063 | Lair:5   | 17063 ||| SWAPPING to +0 broad axe.
 17066 | Lair:5   | 17066 ||| Stepping ~*~*~tactically~*~*~ (stealth).
 17119 | Lair:5   | 17119 ||| Stepping ~*~*~tactically~*~*~ (stealth).
 17121 | Lair:5   | 17121 ||| INVOKING Heroism.
 17123 | Lair:5   | 17123 ||| Stepping ~*~*~tactically~*~*~ (stealth).
 17171 | Lair:5   | 17171 ||| INVOKING Heroism.
 17176 | Lair:5   | Reached skill level 3 in Dodging
 17201 | Lair:5   | Received a gift from Okawaru
 17202 | Lair:5   | 17202 ||| Stepping ~*~*~tactically~*~*~ (stealth).
 17203 | Lair:5   | 17203 ||| Stepping ~*~*~tactically~*~*~ (stealth).
 17204 | Lair:5   | 17204 ||| Stepping ~*~*~tactically~*~*~ (stealth).
 17205 | Lair:5   | 17205 ||| Stepping ~*~*~tactically~*~*~ (stealth).
 17206 | Lair:5   | 17206 ||| Stepping ~*~*~tactically~*~*~ (stealth).
 17215 | Lair:5   | 17215 ||| Stepping ~*~*~tactically~*~*~ (stealth).
 17250 | Lair:5   | 17250 ||| Stepping ~*~*~tactically~*~*~ (stealth).
 17253 | Lair:5   | 17253 ||| Stepping ~*~*~tactically~*~*~ (stealth).
 17254 | Lair:5   | 17254 ||| Stepping ~*~*~tactically~*~*~ (stealth).
 17263 | Lair:5   | 17263 ||| INVOKING Heroism.
 17368 | Lair:5   | 17368 ||| Stepping ~*~*~tactically~*~*~ (stealth).
 17380 | Lair:5   | 17380 ||| Stepping ~*~*~tactically~*~*~ (stealth).
 17382 | Lair:5   | 17382 ||| Stepping ~*~*~tactically~*~*~ (hiding).
 17486 | Lair:5   | 17486 ||| Stepping ~*~*~tactically~*~*~ (stealth).
 17494 | Lair:5   | 17494 ||| Stepping ~*~*~tactically~*~*~ (stealth).
 17523 | Lair:5   | 17523 ||| Stepping ~*~*~tactically~*~*~ (hiding).
 17546 | Lair:5   | 17546 ||| INVOKING Heroism.
 17669 | Lair:5   | 17669 ||| Stepping ~*~*~tactically~*~*~ (stealth).
 17670 | Lair:5   | 17670 ||| Stepping ~*~*~tactically~*~*~ (stealth).
 17755 | Lair:5   | 17755 ||| Stepping ~*~*~tactically~*~*~ (stealth).
 17757 | Lair:5   | 17757 ||| Stepping ~*~*~tactically~*~*~ (stealth).
 17759 | Lair:5   | 17759 ||| INVOKING Heroism.
 17763 | Lair:5   | Reached skill level 12 in Fighting
 17921 | Lair:5   | 17921 ||| INVOKING Heroism.
 17922 | Lair:5   | 17922 ||| INVOKING Finesse.
 17923 | Lair:5   | 17923 ||| SWAPPING to +3 morningstar.
 17924 | Lair:5   | 17924 ||| SWAPPING to +0 broad axe.
 17926 | Lair:5   | 17926 ||| SWAPPING to +3 morningstar.
 17933 | Lair:5   | Received a gift from Okawaru
 17934 | Lair:5   | 17934 ||| SWAPPING to +0 broad axe.
 18136 | Lair:5   | 18136 ||| INVOKING Heroism.
 18160 | Lair:5   | 18160 ||| Stepping ~*~*~tactically~*~*~ (stealth).
 18161 | Lair:5   | 18161 ||| Stepping ~*~*~tactically~*~*~ (stealth).
 18253 | Lair:5   | 18253 ||| Stepping ~*~*~tactically~*~*~ (stealth).
 18279 | Lair:5   | 18279 ||| Stepping ~*~*~tactically~*~*~ (stealth).
 18280 | Lair:5   | 18280 ||| Stepping ~*~*~tactically~*~*~ (stealth).
 18314 | Lair:5   | 18314 ||| Stepping ~*~*~tactically~*~*~ (hiding).
 18319 | Lair:5   | 18319 ||| INVOKING Heroism.
 18320 | Lair:5   | 18320 ||| INVOKING Finesse.
 18400 | Lair:5   | 18400 ||| Stepping ~*~*~tactically~*~*~ (stealth).
 18403 | Lair:5   | 18403 ||| READING scroll of enchant armour.
 18403 | Lair:5   | 18403 ||| ENCHANTING +0 pair of gloves.
 18406 | Lair:5   | 18406 ||| Stepping ~*~*~tactically~*~*~ (hiding).
 18431 | Lair:5   | 18431 ||| Stepping ~*~*~tactically~*~*~ (stealth).
 18501 | Lair:5   | 18501 ||| PLANNING D
 18501 | Lair:5   | 18501 ||| READING scroll labelled SEYSTR NUYKISS.
 18501 | Lair:5   | Identified a scroll of acquirement
 18501 | Lair:5   | 18501 ||| ACQUIRING +2 pair of boots "Rioter" {Int+4}
 18501 | Lair:5   | Acquired the +2 pair of boots "Rioter" {Int+4}
 18503 | Lair:5   | 18503 ||| UPGRADING to +2 pair of boots "Rioter" {Int+4}.
 18513 | Lair:5   | 18513 ||| DROPPING +0 pair of boots.
 18655 | D:12     | 18655 ||| STAIRDANCE
 18702 | D:12     | 18702 ||| Stepping ~*~*~tactically~*~*~ (hiding).
 18917 | D:12     | 18917 ||| INVOKING Heroism.
 18924 | D:12     | 18924 ||| READING 6 scrolls of teleportation.
 19057 | D:12     | 19057 ||| Stepping ~*~*~tactically~*~*~ (hiding).
 19058 | D:12     | 19058 ||| Stepping ~*~*~tactically~*~*~ (hiding).
 19080 | D:12     | 19080 ||| INVOKING Heroism.
 19090 | D:12     | Received a gift from Okawaru
 19336 | D:12     | 19336 ||| Stepping ~*~*~tactically~*~*~ (stealth).
 19338 | D:12     | 19338 ||| Stepping ~*~*~tactically~*~*~ (hiding).
 19344 | D:12     | 19344 ||| INVOKING Heroism.
 19349 | D:12     | 19349 ||| READING 5 scrolls of teleportation.
 19456 | D:12     | 19456 ||| Invisible monster not found???
 19612 | D:12     | 19612 ||| INVOKING Heroism.
 19742 | D:12     | 19742 ||| Stepping ~*~*~tactically~*~*~ (stealth).
 19743 | D:12     | 19743 ||| Stepping ~*~*~tactically~*~*~ (stealth).
 19747 | D:12     | 19747 ||| Stepping ~*~*~tactically~*~*~ (stealth).
 20110 | D:12     | 20110 ||| Stepping ~*~*~tactically~*~*~ (stealth).
 20112 | D:12     | 20112 ||| Stepping ~*~*~tactically~*~*~ (hiding).
 20118 | D:12     | 20118 ||| INVOKING Heroism.
 20156 | D:12     | 20156 ||| READING scroll of enchant weapon.
 20156 | D:12     | 20156 ||| ENCHANTING +0 broad axe.
 20164 | D:12     | Found a staircase to the Orcish Mines.
 20203 | D:12     | 20203 ||| Stepping ~*~*~tactically~*~*~ (stealth).
 20206 | D:12     | 20206 ||| Stepping ~*~*~tactically~*~*~ (stealth).
 20208 | D:12     | 20208 ||| Stepping ~*~*~tactically~*~*~ (stealth).
 20214 | D:12     | 20214 ||| INVOKING Heroism.
 20220 | D:12     | Identified the +0 pair of gloves of the Harvest Moon {Str-5
                  | Dex+7} (Okawaru gifted it to you on level 12 of the
                  | Dungeon)
 20220 | D:12     | Received a gift from Okawaru
 20271 | D:12     | 20271 ||| Stepping ~*~*~tactically~*~*~ (hiding).
 20324 | D:12     | Reached skill level 16 in Axes
 20334 | D:12     | 20334 ||| INVOKING Heroism.
 20712 | D:12     | 20712 ||| DROPPING +0 pair of gloves of the Harvest Moon
                  | {Str-5 Dex+7}.
 20751 | D:13     | 20751 ||| READING scroll of acquirement.
 20751 | D:13     | 20751 ||| ACQUIRING +1 kite shield "Vayphuni" {*Corrode
                  | rF++ Str+5}
 20751 | D:13     | Acquired the +1 kite shield "Vayphuni" {*Corrode rF++
                  | Str+5}
 20753 | D:13     | 20753 ||| DROPPING orb of wrath.
 20800 | D:13     | You are sucked into a shaft and drop 2 floors!
 20800 | D:15     | Entered Level 15 of the Dungeon
 20828 | D:15     | 20828 ||| Stepping ~*~*~tactically~*~*~ (hiding).
 20838 | D:15     | 20838 ||| Stepping ~*~*~tactically~*~*~ (stealth).
 20839 | D:15     | 20839 ||| Stepping ~*~*~tactically~*~*~ (stealth).
 20840 | D:15     | 20840 ||| UPGRADING to +1 kite shield "Vayphuni" {*Corrode
                  | rF++ Str+5}.
 20845 | D:15     | 20845 ||| Stepping ~*~*~tactically~*~*~ (hiding).
 20851 | D:15     | 20851 ||| INVOKING Heroism.
 20924 | D:15     | 20924 ||| UPGRADING to +0 buckler.
 20929 | D:15     | 20929 ||| UPGRADING to +1 kite shield "Vayphuni" {*Corrode
                  | rF++ Str+5}.
 20939 | D:15     | 20939 ||| DROPPING +0 buckler.
 20954 | D:14     | Found a blossoming altar of Fedhas.
 20995 | D:14     | 20995 ||| INVOKING Heroism.
 20996 | D:14     | 20996 ||| INVOKING Finesse.
 21298 | D:13     | 21298 ||| INVOKING Heroism.
 21299 | D:13     | 21299 ||| INVOKING Finesse.
 21303 | D:13     | Reached skill level 9 in Shields
 21314 | D:13     | Reached XP level 15. HP: 70/96 MP: 15/22
 21440 | D:13     | Found a glowing golden altar of the Shining One.
 21454 | D:13     | 21454 ||| READING scroll of enchant armour.
 21454 | D:13     | 21454 ||| ENCHANTING +1 pair of gloves.
 21627 | D:13     | 21627 ||| Stepping ~*~*~tactically~*~*~ (stealth).
 21636 | D:13     | 21636 ||| INVOKING Heroism.
 21637 | D:13     | 21637 ||| READING 6 scrolls of teleportation.
 21770 | D:13     | 21770 ||| Stepping ~*~*~tactically~*~*~ (hiding).
 21771 | D:13     | 21771 ||| Stepping ~*~*~tactically~*~*~ (stealth).
 21772 | D:13     | 21772 ||| Stepping ~*~*~tactically~*~*~ (hiding).
 21773 | D:13     | 21773 ||| Stepping ~*~*~tactically~*~*~ (hiding).
 21777 | D:13     | Found a gate to the Vaults.
 22363 | D:13     | 22363 ||| UPGRADING to +4 ring of protection.
 22533 | D:14     | 22533 ||| INVOKING Heroism.
 22706 | D:14     | 22706 ||| Stepping ~*~*~tactically~*~*~ (stealth).
 22707 | D:14     | 22707 ||| Stepping ~*~*~tactically~*~*~ (stealth).
 22709 | D:14     | 22709 ||| Stepping ~*~*~tactically~*~*~ (stealth).
 22710 | D:14     | 22710 ||| Stepping ~*~*~tactically~*~*~ (stealth).
 23321 | D:15     | 23321 ||| INVOKING Heroism.
 23324 | D:15     | Found a staircase to the Depths.
 23366 | D:15     | Received a gift from Okawaru
 23513 | D:15     | 23513 ||| INVOKING Heroism.
 23521 | D:15     | Paralysed by an orc sorcerer for 3 turns
 23637 | D:15     | 23637 ||| READING 2 scrolls of enchant weapon.
 23637 | D:15     | 23637 ||| ENCHANTING +1 broad axe.
 23638 | D:15     | 23638 ||| READING scroll of enchant weapon.
 23638 | D:15     | 23638 ||| ENCHANTING +2 broad axe.
 23681 | D:15     | Reached skill level 12 in Shields
 23742 | D:15     | Found a basalt altar of Yredelemnul.
 23746 | D:15     | 23746 ||| READING scroll of acquirement.
 23746 | D:15     | 23746 ||| ACQUIRING +3 pair of gauntlets of War {Slay+5}
 23746 | D:15     | Acquired the +3 pair of gauntlets of War {Slay+5}
 23746 | D:15     | Found the +3 pair of gauntlets of War {Slay+5}
 23748 | D:15     | 23748 ||| UPGRADING to +1 pair of gloves of strength.
 23758 | D:15     | 23758 ||| DROPPING +2 pair of gloves.
 23759 | D:15     | 23759 ||| UPGRADING to +3 pair of gauntlets of War
                  | {Slay+5}.
 23769 | D:15     | 23769 ||| DROPPING +1 pair of gloves of strength.
 23913 | D:15     | 23913 ||| Stepping ~*~*~tactically~*~*~ (stealth).
 23915 | D:15     | 23915 ||| Stepping ~*~*~tactically~*~*~ (stealth).
 23917 | D:15     | 23917 ||| Stepping ~*~*~tactically~*~*~ (stealth).
 23924 | D:15     | 23924 ||| INVOKING Heroism.
 24054 | D:15     | 24054 ||| PLANNING ORC
 24054 | D:15     | 24054 ||| UPGRADING to +6 ring of dexterity.
 24202 | Orc:1    | Entered Level 1 of the Orcish Mines
 24202 | Orc:1    | Noticed Harold
 24203 | Orc:1    | 24203 ||| INVOKING Heroism.
 24208 | Orc:1    | Killed Harold
 24304 | Orc:1    | 24304 ||| Stepping ~*~*~tactically~*~*~ (hiding).
 24305 | Orc:1    | 24305 ||| INVOKING Heroism.
 24341 | Orc:1    | 24341 ||| INVOKING Heroism.
 24588 | Orc:1    | 24588 ||| UPGRADING to +0 plate armour of willpower.
 24598 | Orc:1    | 24598 ||| DROPPING +0 plate armour.
 24615 | Orc:2    | Entered Level 2 of the Orcish Mines
 24615 | Orc:2    | Found a staircase to the Elven Halls.
 24649 | Orc:2    | 24649 ||| Stepping ~*~*~tactically~*~*~ (stealth).
 24709 | Orc:2    | 24709 ||| INVOKING Heroism.
 24739 | Orc:2    | HP: 22/96 [orc high priest/divine providence (14)]
 24739 | Orc:2    | HP: 10/96 [orc priest/divine providence (12)]
 24740 | Orc:2    | 24740 ||| READING 5 scrolls of teleportation.
 24741 | Orc:2    | 24741 ||| DRINKING potion of heal wounds.
 24770 | Orc:2    | 24770 ||| FLEEEEING.
 24771 | Orc:2    | 24771 ||| FLEEEEING.
 24772 | Orc:2    | 24772 ||| FLEEEEING.
 24773 | Orc:2    | 24773 ||| FLEEEEING.
 24774 | Orc:2    | 24774 ||| FLEEEEING.
 24775 | Orc:2    | 24775 ||| FLEEEEING.
 24776 | Orc:2    | 24776 ||| FLEEEEING.
 24777 | Orc:2    | 24777 ||| FLEEEEING.
 24778 | Orc:2    | 24778 ||| FLEEEEING.
 24779 | Orc:2    | 24779 ||| FLEEEEING.
 24780 | Orc:2    | 24780 ||| FLEEEEING.
 24781 | Orc:2    | 24781 ||| FLEEEEING.
 24782 | Orc:2    | 24782 ||| FLEEEEING.
 24783 | Orc:2    | 24783 ||| FLEEEEING.
 24784 | Orc:2    | 24784 ||| FLEEEEING.
 24785 | Orc:2    | 24785 ||| FLEEEEING.
 24786 | Orc:2    | 24786 ||| STAIRDANCE
 25031 | Orc:2    | 25031 ||| Stepping ~*~*~tactically~*~*~ (hiding).
 25081 | Orc:2    | 25081 ||| Stepping ~*~*~tactically~*~*~ (hiding).
 25172 | Orc:2    | 25172 ||| Stepping ~*~*~tactically~*~*~ (stealth).
 25173 | Orc:2    | 25173 ||| Stepping ~*~*~tactically~*~*~ (stealth).
 25255 | Orc:2    | 25255 ||| Stepping ~*~*~tactically~*~*~ (hiding).
 25262 | Orc:2    | 25262 ||| INVOKING Heroism.
 25310 | Orc:2    | 25310 ||| DROPPING +3 morningstar.
 25337 | Orc:2    | Found a bloodstained altar of Trog.
 25340 | Orc:2    | 25340 ||| Stepping ~*~*~tactically~*~*~ (hiding).
 25341 | Orc:2    | 25341 ||| Stepping ~*~*~tactically~*~*~ (hiding).
 25342 | Orc:2    | 25342 ||| Stepping ~*~*~tactically~*~*~ (hiding).
 25350 | Orc:2    | 25350 ||| INVOKING Heroism.
 25444 | Orc:2    | Found Louth's Jewellery Shop.
 25444 | Orc:2    | Found Sehoeriy's Book Boutique.
 25449 | Orc:2    | Found Tikkygiwn's Weapon Boutique.
 25451 | Orc:2    | Found Lovem's Distillery.
 25454 | Orc:2    | 25454 ||| BUYING +4 ring of evasion (504 gold).
 25454 | Orc:2    | Bought a +4 ring of evasion for 504 gold pieces
 25454 | Orc:2    | 25454 ||| BUYING ring of Idim {Fire Dex+6 Slay+2} (742
                  | gold).
 25454 | Orc:2    | Bought the ring of Idim {Fire Dex+6 Slay+2} for 742 gold
                  | pieces
 25454 | Orc:2    | 25454 ||| BUYING ring of protection from cold (350 gold).
 25454 | Orc:2    | Bought a ring of protection from cold for 350 gold pieces
 25454 | Orc:2    | 25454 ||| SHOPLISTING ring of resist corrosion (280 gold,
                  | have 173).
 25457 | Orc:2    | 25457 ||| BUYING potion of curing (48 gold).
 25457 | Orc:2    | Bought a potion of curing for 48 gold pieces
 25457 | Orc:2    | 25457 ||| BUYING potion of curing (48 gold).
 25457 | Orc:2    | Bought a potion of curing for 48 gold pieces
 25457 | Orc:2    | 25457 ||| BUYING potion of curing (48 gold).
 25457 | Orc:2    | Bought a potion of curing for 48 gold pieces
 25457 | Orc:2    | 25457 ||| SHOPLISTING potion of lignification (48 gold,
                  | have 29).
 25457 | Orc:2    | 25457 ||| SHOPLISTING potion of magic (128 gold, have 29).
 25469 | Orc:2    | 25469 ||| Stepping ~*~*~tactically~*~*~ (stealth).
 25471 | Orc:2    | 25471 ||| Stepping ~*~*~tactically~*~*~ (hiding).
 25476 | Orc:2    | 25476 ||| INVOKING Heroism.
 25485 | Orc:2    | 25485 ||| Stepping ~*~*~tactically~*~*~ (stealth).
 25541 | Orc:2    | 25541 ||| INVOKING Heroism.
 25797 | Orc:2    | 25797 ||| Stepping ~*~*~tactically~*~*~ (hiding).
 26011 | Orc:2    | 26011 ||| UPGRADING to +4 ring of evasion.
 26013 | Orc:2    | 26013 ||| DROPPING +6 ring of dexterity.
 26200 | Orc:1    | 26200 ||| PLANNING SPIDER:1-3
 26351 | Spider:1 | Entered Level 1 of the Spider Nest
 26352 | Spider:1 | 26352 ||| INVOKING Finesse.
 26354 | Spider:1 | 26354 ||| INVOKING Heroism.
 26503 | Spider:1 | Reached skill level 12 in Armour
 26648 | Spider:1 | 26648 ||| Stepping ~*~*~tactically~*~*~ (stealth).
 26649 | Spider:1 | 26649 ||| Stepping ~*~*~tactically~*~*~ (stealth).
 26776 | Spider:1 | 26776 ||| Stepping ~*~*~tactically~*~*~ (stealth).
 26784 | Spider:1 | 26784 ||| INVOKING Heroism.
 26806 | Spider:1 | 26806 ||| Stepping ~*~*~tactically~*~*~ (stealth).
 26808 | Spider:1 | 26808 ||| Stepping ~*~*~tactically~*~*~ (hiding).
 26821 | Spider:1 | Reached XP level 16. HP: 101/101 MP: 23/23
 26856 | Spider:1 | 26856 ||| INVOKING Heroism.
 26925 | Spider:1 | 26925 ||| INVOKING Heroism.
 26927 | Spider:1 | 26927 ||| INVOKING Finesse.
 26931 | Spider:1 | Identified the +1 helmet "Otsalats" {*Slow +Inv rPois
                  | rN+++} (Okawaru gifted it to you on level 1 of the Spider
                  | Nest)
 26931 | Spider:1 | Received a gift from Okawaru
 27071 | Spider:1 | 27071 ||| INVOKING Finesse.
 27150 | Spider:1 | 27150 ||| Stepping ~*~*~tactically~*~*~ (stealth).
 27172 | Spider:1 | 27172 ||| INVOKING Finesse.
 27250 | Spider:1 | 27250 ||| Stepping ~*~*~tactically~*~*~ (hiding).
 27252 | Spider:1 | 27252 ||| INVOKING Heroism.
 27528 | Spider:1 | 27528 ||| Stepping ~*~*~tactically~*~*~ (stealth).
 27533 | Spider:1 | 27533 ||| INVOKING Heroism.
 27855 | Spider:2 | Noticed Roxanne
 27856 | Spider:2 | 27856 ||| INVOKING Heroism.
 27858 | Spider:2 | 27858 ||| Stepping ~*~*~tactically~*~*~ (stealth).
 27859 | Spider:2 | 27859 ||| Stepping ~*~*~tactically~*~*~ (stealth).
 27881 | Spider:2 | HP: 19/101 [Roxanne/iron shot (32)]
 27882 | Spider:2 | 27882 ||| READING 4 scrolls of teleportation.
 28200 | Spider:2 | 28200 ||| Stepping ~*~*~tactically~*~*~ (stealth).
 28354 | Spider:2 | 28354 ||| Stepping ~*~*~tactically~*~*~ (hiding).
 28487 | Spider:2 | 28487 ||| Stepping ~*~*~tactically~*~*~ (stealth).
 28489 | Spider:2 | 28489 ||| Stepping ~*~*~tactically~*~*~ (stealth).
 28493 | Spider:2 | 28493 ||| INVOKING Heroism.
 28583 | Spider:2 | 28583 ||| INVOKING Heroism.
 28604 | Spider:2 | Killed Roxanne
 28605 | Spider:2 | Reached skill level 17 in Axes
 28634 | Spider:2 | 28634 ||| READING scroll of enchant armour.
 28634 | Spider:2 | 28634 ||| ENCHANTING +0 helmet.
 28650 | Spider:2 | 28650 ||| INVOKING Heroism.
 28677 | Spider:2 | HP: 21/101 [something (9)]
 28677 | Spider:2 | HP: 8/101 [emperor scorpion (13)]
 28677 | Spider:2 | HP: 2/99 [jorogumo/bolt of negative energy (6)]
 28678 | Spider:2 | 28678 ||| READING 4 scrolls of teleportation.
 28678 | Spider:2 | Slain by an emperor scorpion

Levels and vault maps discovered:
D:1:      dpeg_arrival_shrine, layout_basic, minmay_statues_item
D:2:      layout_basic, minmay_misc_feat_cross, palyth_stone_intersect
D:3:      layout_loops_ring, serial_shops, nicolae_shop_behind_doors, shop
D:4:      layout_basic, grunt_temple_overflow_cloverleaf,
          minmay_temple_entry_fiery, gammafunk_ghost_grave,
          kennysheep_generic_room_14
D:5:      layout_basic, mainiacjoe_overflow_alcove_4, minmay_fire_ice_demons
D:6:      hellmonk_crumbling_castle, layout_rooms, kennysheep_mini,
          hangedman_decor_riveting, kennysheep_generic_room_7, uniq_edmund,
          uniq_grinder
D:7:      layout_basic, nicolae_sif_muna_condensation, serial_shops,
          nicolae_take_the_stairs, nicolae_island_escapes
D:8:      layout_rooms, mainiacjoe_overflow_alcove_2, uniq_pikel
D:9:      layout_irregular_city, ashenzari_altar_1, nicolae_hexahallways
D:10:     layout_grid_maze, serial_shops, shop_fountains,
          ploomutoo_gammafunk_ghost_potion_laboratory
D:11:     layout_irregular_city, due_lair_maze_entry_diamond,
          gauntlet_entry_generic, uniq_grum
D:12:     layout_loops_corners, hiddenorc1_lemuel
D:13:     layout_cave_pods, david_vaults_2, minmay_misc_feat_tiny,
          tso_oasis_becter
D:14:     layout_basic, fedhas_altar_3
D:15:     gammafunk_depths_entry_grave, layout_stronghold,
          yredelemnul_altar_generic, serial_column_ruins, column_ruins_hut,
          column_ruins_hut, column_ruins_grid_3, column_ruins_corridor_water,
          column_ruins_open_tiny, column_ruins_open_small, column_ruins_grid_3,
          column_ruins_open_medium, chequers_jeans, drop_trap,
          amcnicky_mini_pool_small
Temple:   dshaligram_water_room_temple
Lair:1:   layout_loops_ring, beast_lair_carwin_1, grunt_megastairs_2
Lair:2:   layout_cave_pods, spider_nest_entry_webs
Lair:3:   layout_loops_ring, minmay_shoals_entry_lonely_mermaid,
          gammafunk_ghost_split, lemuel_fruit_tree
Lair:4:   layout_misc_corridors, slime_entry_1
Lair:5:   hangedman_lair_caniforms_friends, layout_concentric_octagons,
          guppyfry_lair_end_dragon, disabler_island
Spider:1: layout_spider_delve
Spider:2: layout_spider_delve, nicolae_spider_wall_of_niches, uniq_roxanne
Orc:1:    layout_caves, uniq_harold
Orc:2:    st_orc_mages, layout_caves, basic_altar

Skill      XL: |  1  2  3  4  5  6  7  8  9 10 11 12 13 14 15 16 |
---------------+-------------------------------------------------+-----
Axes           | 2 3 4 5 6 7 8 9 10 11 13 14 16 17 | 17.0
Fighting       | 4 5 7 8 9 10 11 12 | 12.1
Dodging        | 1 2 3 4 |  4.3
Invocations    | 2 4 6 10 | 10.0
Throwing       | 1 3 4 5 6 7 |  7.0
Armour         | 4 6 7 8 9 10 12 | 12.0
Shields        | 4 5 6 7 9 13 | 13.0

Action                   |  1- 3 |  4- 6 |  7- 9 | 10-12 | 13-15 | 16-18 || total
-------------------------+-------+-------+-------+-------+-------+-------++-------
Melee: War axe           |    85 |   189 |   262 |   455 |   196 |       ||  1187
       Broad axe         |       |       |       |       |  1079 |   188 ||  1267
       Morningstar       |       |       |       |       |    15 |       ||    15
Throw: Boomerang         |     3 |    56 |    38 |    29 |    59 |     4 ||   189
       Javelin           |       |       |       |    65 |   144 |    36 ||   245
Invok: Heroism           |       |       |    14 |    27 |    48 |     8 ||    97
       Finesse           |       |       |       |     1 |    11 |     3 ||    15
  Use: Scroll            |     4 |     6 |     8 |     9 |    15 |     3 ||    45
       Potion            |     2 |     3 |       |       |     1 |       ||     6
 Stab: Petrified         |       |       |       |       |     2 |       ||     2
Armor: Scale mail        |    36 |    28 |       |       |       |       ||    64
       Chain mail        |       |    85 |    92 |   162 |   459 |       ||   798
       Plate armour      |       |       |    39 |    18 |    88 |   104 ||   249
Dodge: Dodged            |    43 |    71 |    77 |   118 |   337 |    68 ||   714
Block: Buckler           |    20 |    33 |    90 |   156 |   304 |       ||   603
       Reflection        |       |       |     3 |     4 |    39 |     1 ||    47
       Kite shield       |       |       |       |       |   362 |   128 ||   490
       Other             |       |       |       |       |     3 |       ||     3

Table legend:
 A = Non-vault XP
 B = Vault XP
 C = Vault XP percentage of total XP
 D = Non-vault monster count
 E = Vault monster count
 F = Vault count percentage of total count
                 A         B        C        D         E       F
            +---------+---------+-------+---------+---------+-------
      Total |  118101 |   33441 |  22.1 |     586 |     181 |  23.6
            +---------+---------+-------+---------+---------+-------
        D:1 |      67 |       0 |   0.0 |      33 |       0 |   0.0
        D:2 |      80 |       0 |   0.0 |      20 |       0 |   0.0
        D:3 |      96 |       0 |   0.0 |      14 |       0 |   0.0
        D:4 |     229 |       0 |   0.0 |      24 |       0 |   0.0
        D:5 |     280 |      60 |  17.6 |      13 |       2 |  13.3
        D:6 |     755 |     626 |  45.3 |      21 |       5 |  19.2
        D:7 |    1716 |       0 |   0.0 |      21 |       0 |   0.0
        D:8 |    1302 |     651 |  33.3 |      28 |       1 |   3.4
        D:9 |    1115 |       0 |   0.0 |      21 |       0 |   0.0
       D:10 |    2396 |       0 |   0.0 |      20 |       0 |   0.0
       D:11 |    3524 |    1885 |  34.8 |      11 |      13 |  54.2
       D:12 |    8028 |     204 |   2.5 |      24 |      17 |  41.5
       D:13 |    4516 |    1634 |  26.6 |      12 |       3 |  20.0
       D:14 |    6932 |       0 |   0.0 |      22 |       0 |   0.0
       D:15 |    7040 |    4738 |  40.2 |      19 |       8 |  29.6
     Lair:1 |    6519 |    1110 |  14.5 |      27 |       8 |  22.9
     Lair:2 |    7845 |     178 |   2.2 |      24 |       1 |   4.0
     Lair:3 |    7276 |     458 |   5.9 |      28 |       1 |   3.4
     Lair:4 |    8180 |       0 |   0.0 |      34 |       0 |   0.0
     Lair:5 |   11644 |   13767 |  54.2 |      37 |      72 |  66.1
   Spider:1 |   21909 |       0 |   0.0 |      48 |       0 |   0.0
   Spider:2 |    8302 |    1545 |  15.7 |      22 |       2 |   8.3
      Orc:1 |    4968 |     881 |  15.1 |      34 |       1 |   2.9
      Orc:2 |    3382 |    5704 |  62.8 |      29 |      47 |  61.8
            +---------+---------+-------+---------+---------+-------
